 Dungeon Crawl Stone Soup version 0.31-a0-604-g8e0283293c (webtiles) character file.

Game seed: 14883014772652579041

100 senseless the Ruffian (level 4, 0/34 HPs)
             Began as a Gnoll Shapeshifter on Aug 21, 2023.
             Slain by an ogre
             ... wielding a +0 giant club
              (21 damage)
             ... on level 3 of the Dungeon.
             The game lasted 00:03:58 (1851 turns).

senseless the Ruffian (Gnoll Shapeshifter)          Turns: 1851, Time: 00:03:58

Health: 0/34       AC:  2    Str: 17    XL:     4   Next: 74%
Magic:  5/5        EV: 13    Int:  7    God:
Gold:   66         SH:  0    Dex: 12    Spells: 5/5 levels left

rFire   . .          .
                       - Unarmed
rCold   . . .        (no shield)
rNeg    . . .        a - +0 animal skin
rPois   .            (helmet currently unavailable)
rElec   .            (cloak currently unavailable)
rCorr   .            (gloves currently unavailable)
SInv    .            (boots currently unavailable)
Will    .....        q - amulet of magic regeneration
Stlth   ++           (no ring)
HPRegen 0.25/turn    (no ring)
MPRegen 0.49/turn

%: no passive effects
@: beast-form
A: beast (slay +4), fangs 1, strong nose, distributed training
a: Begin Untransformation


You were on level 3 of the Dungeon.
You were a hulking beast.
You visited 1 branch of the dungeon, and saw 3 of its levels.

You collected 66 gold pieces.

Inventory:

Missiles
 g - 2 poisoned darts (quivered)
 k - 3 darts of dispersal
Armour
 a - a +0 animal skin (worn)
 b - the +0 helmet of the Albatross {Int+2 Dex+6}
   (You took it off Robin on level 2 of the Dungeon)

   Int+2:     It affects your intelligence (+2).
   Dex+6:     It affects your dexterity (+6).
 e - a +0 cloak
 p - a +0 pair of boots
Jewellery
 q - an amulet of magic regeneration (around neck)
Talismans
 c - a beast talisman (active)
 d - a flux talisman
 j - a blade talisman
Wands
 l - a wand of polymorph (8)
 r - a wand of flame (16)
Scrolls
 f - a scroll of enchant armour {unknown}
 h - a scroll of immolation {unknown}
 i - 2 scrolls of identify {unknown}
 o - a scroll of torment {unknown}
Potions
 m - a potion of curing {unknown}
 n - a potion of degeneration {unknown}


   Skills:
 + Level 2.8 Fighting
 + Level 1.2 Short Blades
 + Level 1.2 Long Blades
 + Level 1.2 Axes
 + Level 1.2 Maces & Flails
 + Level 1.2 Polearms
 + Level 1.2 Staves
 + Level 1.2 Ranged Weapons
 + Level 1.2 Throwing
 + Level 1.2 Armour
 + Level 4.7 Dodging
 + Level 1.2 Stealth
 + Level 1.2 Shields
 + Level 6.6 Unarmed Combat
 + Level 1.2 Spellcasting
 + Level 1.0 Conjurations
 + Level 1.0 Hexes
 + Level 1.0 Summonings
 + Level 1.0 Necromancy
 + Level 1.0 Translocations
 + Level 1.0 Transmutations
 + Level 1.0 Fire Magic
 + Level 1.0 Ice Magic
 + Level 1.0 Air Magic
 + Level 1.0 Earth Magic
 + Level 1.0 Poison Magic
 + Level 1.4 Invocations
 + Level 1.2 Evocations
 + Level 6.5 Shapeshifting


You had 5 spell levels left.
You didn't know any spells.
Your spell library contained the following spells:

 Spells                   Type           Power      Damage    Failure   Level
 Ensorcelled Hibernation  Hex/Ice        2%         N/A       38%         2
 Passwall                 Tmut/Erth      0%         N/A       38%         2
 Call Canine Familiar     Summ           1%         N/A       63%         3
 Portal Projectile        Hex/Tloc       2%         N/A       63%         3
 Summon Guardian Golem    Hex/Summ       1%         N/A       63%         3
 Swiftness                Air            1%         N/A       63%         3
 Leda's Liquefaction      Hex/Erth       0%         N/A       95%         4
 Orb of Destruction       Conj           0%         9d5       100%        7
 Spellforged Servitor     Conj/Summ      0%         N/A       100%        7


Dungeon Overview and Level Annotations

Branches:
Dungeon (3/15)

Altars:


Innate Abilities, Weirdness & Mutations

You are a hulking beast.
Your limbs bulge with bestial killing power. (Slay +4)
You have very sharp teeth.
Your uncanny sense of smell can sniff out nearby items.
Your experience applies equally to all skills.


Message History

No target in view!
No target in view!
No target in view!
You now have 66 gold pieces (gained 7).
You see here a +0 dagger.
Things that are here:
a +0 dagger; a goblin corpse; a hobgoblin corpse
Things that are here:
a +0 club; a hobgoblin corpse; a goblin corpse
Found a leather armour.
An ogre comes into view. It is wielding a +0 giant club.
The ogre shouts!
An endoplasm comes into view.
The ogre moves out of view.
An endoplasm is nearby!
Found 9 stones.
The endoplasm quivers.
A quokka comes into view.
The ogre barely misses you.
An endoplasm comes into view.
The endoplasm quivers.
You hit the ogre.
The ogre is moderately wounded.
You hit the ogre.
The ogre is moderately wounded.
The ogre barely misses you.
You closely miss the ogre. You bite the ogre, but do no damage.
The ogre is moderately wounded.
You hit the ogre but do no damage.
The ogre is moderately wounded.
The ogre closely misses you.
You completely miss the ogre.
The ogre is moderately wounded.
The endoplasm hits you. The ogre hits you with a +0 giant club!
You punch the ogre!
The ogre is heavily wounded.
The ogre hits you with a +0 giant club!!
Ouch! That really hurt!
You die...

. ..#.# #.#.#.# #. ....#
#<#)#.# #. #.#.# #.))..#
#.( #.#.#########)..#
.####.##.#.............#
........[..#..######.#.#
#..rJ..............#
.......#O###..######...#
.......#h# #..# ##.##
......J..# #..# #.#
.###...#####..# #.#
.............# #.#
..#..######.########.#
.##..#####...#.......#
.............#######
#########...### ##.##


You could see an ogre, 2 endoplasms and a quokka.

Vanquished Creatures
  Robin (D:2)
  A gnoll (D:1)
  2 worms (D:2)
  2 dart slugs (D:1)
  2 ball pythons
  8 bats
  4 endoplasms
  3 giant cockroaches
  14 goblins
  9 hobgoblins
  3 jackals (D:1)
  2 quokkas
  3 frilled lizards
  4 kobolds
  4 rats
62 creatures vanquished.

Notes
Turn   | Place    | Note
-------+----------+-------------------------------------------
     0 | D:1      | senseless the Gnoll Shapeshifter began the quest for the
                  | Orb.
     0 | D:1      | Reached XP level 1. HP: 17/17 MP: 1/1
    72 | D:1      | Reached XP level 2. HP: 23/23 MP: 2/2
   307 | D:1      | Reached XP level 3. HP: 27/28 MP: 3/3
   337 | D:1      | Reached skill level 1 in Invocations
   826 | D:2      | Reached skill level 1 in Short Blades
   826 | D:2      | Reached skill level 1 in Long Blades
   826 | D:2      | Reached skill level 1 in Axes
   826 | D:2      | Reached skill level 1 in Maces & Flails
   826 | D:2      | Reached skill level 1 in Polearms
   826 | D:2      | Reached skill level 1 in Staves
   826 | D:2      | Reached skill level 1 in Ranged Weapons
   826 | D:2      | Reached skill level 1 in Throwing
   826 | D:2      | Reached skill level 1 in Armour
   826 | D:2      | Reached skill level 1 in Stealth
   826 | D:2      | Reached skill level 1 in Shields
   826 | D:2      | Reached skill level 1 in Spellcasting
   826 | D:2      | Reached skill level 1 in Evocations
   888 | D:2      | Reached XP level 4. HP: 34/34 MP: 5/5
  1643 | D:3      | Reached skill level 1 in Conjurations
  1643 | D:3      | Reached skill level 1 in Hexes
  1643 | D:3      | Reached skill level 1 in Summonings
  1643 | D:3      | Reached skill level 1 in Necromancy
  1643 | D:3      | Reached skill level 1 in Translocations
  1643 | D:3      | Reached skill level 1 in Transmutations
  1643 | D:3      | Reached skill level 1 in Fire Magic
  1643 | D:3      | Reached skill level 1 in Ice Magic
  1643 | D:3      | Reached skill level 1 in Air Magic
  1643 | D:3      | Reached skill level 1 in Earth Magic
  1643 | D:3      | Reached skill level 1 in Poison Magic
  1647 | D:3      | Identified the +0 helmet of the Albatross {Int+2 Dex+6}
  1647 | D:3      | Noticed Robin
  1658 | D:2      | Killed Robin
  1840 | D:3      | Noticed an ogre
  1851 | D:3      | Slain by an ogre

Illustrated notes

Levels and vault maps discovered:
D:1:      amcnicky_arrival_abandoned_market, layout_basic, serial_rivers,
          chequers_serial_rivers_micro_a, chequers_serial_rivers_micro_e,
          chequers_serial_rivers_micro_e, chequers_serial_rivers_micro_e,
          minmay_misc_feat_tiny
D:2:      layout_basic
D:3:      layout_loops_ring, nicolae_tso_carved_into_rock, serial_shops,
          nicolae_shop_behind_doors, dreamdust_ecumenical_altar_sealed_demon,
          minmay_misc_feat_iff, uniq_robin

Skill      XL: |  1  2  3  4 |
---------------+-------------+-----
Invocations    | 1 |  1.4
Short Blades   | 1 |  1.2
Long Blades    | 1 |  1.2
Axes           | 1 |  1.2
Maces & Flails | 1 |  1.2
Polearms       | 1 |  1.2
Staves         | 1 |  1.2
Ranged Weapons | 1 |  1.2
Throwing       | 1 |  1.2
Armour         | 1 |  1.2
Stealth        | 1 |  1.2
Shields        | 1 |  1.2
Spellcasting   | 1 |  1.2
Evocations     | 1 |  1.2
Conjurations   | 1 |  1.0
Hexes          | 1 |  1.0
Summonings     | 1 |  1.0
Necromancy     | 1 |  1.0
Translocations | 1 |  1.0
Transmutations | 1 |  1.0
Fire Magic     | 1 |  1.0
Ice Magic      | 1 |  1.0
Air Magic      | 1 |  1.0
Earth Magic    | 1 |  1.0
Poison Magic   | 1 |  1.0
Fighting       | |  2.8
Dodging        | |  4.7
Unarmed Combat | |  6.6
Shapeshifting  | |  6.5

Action                     |  1- 3 |  4- 6 || total
---------------------------+-------+-------++-------
  Melee: Unarmed           |    65 |    43 ||   108
         Bite              |     5 |     5 ||    10
         Punch             |     3 |     2 ||     5
    Use: Potion            |       |     1 ||     1
   Stab: Distracted        |     1 |       ||     1
         Sleeping          |       |     2 ||     2
 Armour: Animal skin       |    12 |     5 ||    17
         Skin              |       |     2 ||     2
  Dodge: Dodged            |    44 |    17 ||    61

Table legend: (Time is in decaauts)
 A = Elapsed time spent in this place.
 B = Non-inter-level travel time spent in this place.
 C = Inter-level travel time spent in this place.
 D = Time resting spent in this place.
 E = Time spent auto-exploring this place.
 F = Levels seen in this place.
 G = Mean time per level.
                   A        B        C        D        E       F      G
               +--------+--------+--------+--------+--------+-----+--------+
         Total |   1838 |   1828 |     10 |    134 |   1404 |   3 |  612.7 |
       Dungeon |   1838 |   1828 |     10 |    134 |   1404 |   3 |  612.7 |
               +--------+--------+--------+--------+--------+-----+--------+

Top non-repeatable levels by time:
     D:2: 960 daAuts
     D:1: 810 daAuts
     D:3: 68 daAuts
